Map: 애씨드 플랜트 - 래더

Players

Solar - Winner!

  • Race: Zerg Zerg
  • League: Platinum
  • Spawn Location: 5:00

LiquidMaNa (MaNa)

  • Race: Protoss Protoss
  • League: Master
  • Spawn Location: 11:00

Event: HomeStory Cup XVIII

VOD

Have the link to the VOD?

Description

Time

  • Played on: Nov. 23, 2018, 1:45 p.m.
  • Length: 9:09

All games in this series

Show
View Real Time Build Order
Export as new Build Order

Solar Zerg - Winner!

Build Orders: Hatch First, Muta Ling Bane 

Get SALT Encoding   

  12  0:01  Drone  
  13  0:12  Overlord  
  13  0:17  Drone  
  14  0:30  Drone  
  14  0:31  Drone  
  16  0:48  Hatchery  
  15  0:51  Drone  
  15  0:55  Drone  
  17  0:58  Drone  
  18  1:07  Extractor  
  17  1:14  Spawning Pool  
  17  1:17  Drone  
  17  1:20  Drone  
  18  1:27  Drone  
  19  1:39  Drone  
  20  1:50  Hatchery  
  19  1:54  Drone  
  20  2:02  Queen  
  22  2:09  Metabolic Boost  
  22  2:13  Drone  
  23  2:16  Drone  
  23  2:19  Zergling x2  
  25  2:24  Overlord  
  25  2:31  Queen  
  25  2:35  Drone  
  28  2:42  Queen  
  30  2:45  Drone  
  30  2:48  Zergling x2  
  30  2:49  Zergling x2  
  33  2:52  Drone  
  33  2:55  Drone  
  34  2:59  Drone x2  
  36  3:06  Queen  
  36  3:10  Overlord  
  38  3:13  Drone  
  38  3:15  Drone  
  38  3:17  Drone  
  38  3:18  Drone  
  42  3:28  Queen  
  42  3:29  Overlord  
  42  3:30  Drone  
  42  3:33  Drone  
  46  3:35  Drone  
  46  3:39  Drone x3  
  50  3:48  Drone x2  
  50  3:49  Overlord  
  50  3:52  Drone x2  
  50  3:54  Lair  
  54  3:57  Drone  
  54  3:58  Drone  
  54  4:01  Overlord  
  56  4:03  Drone x2  
  56  4:05  Extractor  
  56  4:06  Drone  
  56  4:07  Extractor  
  56  4:08  Drone  
  58  4:10  Spore Crawler  
  58  4:13  Overlord  
  58  4:15  Drone  
  58  4:18  Zergling x6  
  58  4:21  Zergling x2  
  58  4:22  Zergling x2  
  58  4:23  Zergling x2  
  58  4:24  Zergling x2  
  65  4:25  Zergling x2  
  65  4:29  Zergling x2  
  65  4:30  Overlord  
  65  4:33  Drone  
  65  4:35  Drone x2  
  65  4:36  Drone  
  66  4:39  Spore Crawler  
  66  4:40  Drone  
  66  4:42  Drone x2  
  66  4:45  Drone x2  
  69  4:47  Drone  
  71  4:56  Overseer, Hydralisk Den  
  71  4:57  Extractor  
  71  4:58  Drone x3  
  72  5:01  Drone  
  72  5:03  Drone x2  
  72  5:04  Drone  
  72  5:05  Drone  
  72  5:07  Drone  
  77  5:08  Drone  
  77  5:10  Extractor, Drone  
  77  5:12  Drone  
  79  5:15  Overlord  
  79  5:17  Drone x2  
  79  5:18  Drone  
  82  5:21  Overlord  
  82  5:27  Grooved Spines  
  82  5:29  Overlord  
  82  5:30  Evolution Chamber  
  82  5:33  Hydralisk  
  82  5:34  Hydralisk  
  84  5:37  Hydralisk x2  
  84  5:40  Hydralisk  
  90  5:43  Hydralisk  
  90  5:47  Overlord  
  90  5:48  Hydralisk  
  94  5:52  Lurker Den  
  94  5:54  Extractor, Hydralisk  
  94  5:58  Spire  
  94  5:59  Drone x3  
  94  6:00  Drone  
  94  6:02  Drone x2  
  100  6:06  Drone x3  
  100  6:08  Drone x2  
  103  6:11  Overseer  
  103  6:12  Overlord  
  103  6:16  Hydralisk  
  103  6:17  Hydralisk  
  107  6:20  Overlord  
  107  6:22  Zerg Melee Weapons Level 1  
  106  6:31  Zergling x2  
  106  6:32  Baneling Nest, Zergling x2  
  107  6:35  Zergling x6  
  107  6:37  Overlord, Hatchery  
  107  6:40  Zergling x6  
  108  6:47  Overlord  
  108  6:50  Muscular Augments, Zergling x2  
  108  6:51  Zergling x10  
  113  6:58  Overlord  
  113  7:01  Overlord  
  113  7:07  Overlord  
  113  7:09  Drone x2  
  113  7:11  Mutalisk x5  
  113  7:12  Mutalisk  
  127  7:18  Centrifical Hooks  
  127  7:19  Hydralisk  
  127  7:22  Hydralisk  
  130  7:23  Zergling x4  
  130  7:25  Zergling x2  
  132  7:30  Baneling x2  
  132  7:31  Overlord, Hydralisk, Baneling x2  
  132  7:34  Baneling x3  
  132  7:35  Zergling x2  
  135  7:37  Hydralisk  
  135  7:38  Zergling x2  
  135  7:39  Zergling x4  
  135  7:41  Zergling x2  
  135  7:42  Zergling x4  
  140  7:45  Drone  
  140  7:48  Hydralisk x2  
  144  7:53  Zergling x2  
  144  7:54  Overlord  
  144  7:57  Baneling x2  
  145  8:01  Hydralisk x2  
  145  8:04  Hydralisk, Baneling x3  
  151  8:06  Overlord  
  151  8:09  Zergling x14  
  158  8:15  Zergling x8  
  158  8:17  Overlord  
  162  8:21  Hydralisk x2  
  162  8:22  Hydralisk  
  162  8:23  Zergling x4  
  170  8:28  Zergling x2  
  171  8:35  Zergling x2  
  171  8:36  Zergling x10  
  172  8:41  Zergling x2  
  172  8:42  Zergling x4  
  174  8:49  Zergling x2  
  174  8:50  Hatchery, Zergling x6  
Show
View Real Time Build Order
Export as new Build Order

LiquidMaNa Protoss 

Build Orders: 1 Gate Expand, Oracle Opening, Zealot Archon 

Get SALT Encoding   

  12  0:00  Probe  
  13  0:12  Probe  
  14  0:17  Pylon  
  14  0:24  Probe  
  15  0:32  Probe  
  15  0:37  Assimilator  
  15  0:40  Probe  
  16  0:48  Gateway  
  17  0:50  Probe  
  18  0:58  Probe  
  19  1:06  Probe  
  20  1:26  Nexus  
  20  1:36  Cybernetics Core  
  20  1:40  Probe  
  20  1:46  Assimilator  
  21  1:52  Probe  
  22  1:57  Pylon  
  22  2:04  Probe  
  22  2:07  Adept  
  25  2:16  Probe  
  25  2:20  Stargate  
  26  2:23  Warp Gate  
  26  2:29  Probe  
  27  2:32  Stalker  
  29  2:38  Probe  
  29  2:41  Probe  
  31  2:50  Probe  
  32  2:53  Probe  
  32  2:55  Oracle  
  33  3:02  Adept, Probe  
  33  3:05  Probe  
  40  3:14  Probe  
  40  3:17  Probe  
  40  3:18  Pylon  
  42  3:26  Oracle, Probe  
  43  3:29  Probe  
  44  3:35  Pylon  
  44  3:39  Probe  
  48  3:41  Gateway, Probe  
  48  3:45  Assimilator  
  49  3:51  Assimilator, Probe  
  49  3:53  Probe  
  51  3:57  Forge  
  51  4:01  Twilight Council  
  51  4:03  Probe  
  51  4:05  Probe  
  53  4:15  Probe  
  54  4:17  Probe  
  55  4:27  Protoss Ground Weapons Level 1, Probe  
  55  4:29  Pylon  
  55  4:30  Probe  
  57  4:31  Charge  
  57  4:39  Nexus  
  57  4:40  Probe  
  57  4:42  Probe  
  59  4:46  Pylon  
  59  4:49  Zealot  
  61  4:56  Robotics Facility  
  61  4:57  Probe  
  61  4:58  Probe  
  63  5:06  Zealot  
  64  5:10  Robotics Facility  
  64  5:13  Probe x2  
  66  5:15  Zealot  
  68  5:22  Gateway  
  68  5:28  Gateway  
  68  5:31  Gateway  
  68  5:33  Gateway  
  68  5:38  Sentry  
  68  5:39  Observer, Probe x2  
  72  5:49  Immortal  
  73  5:51  Probe x2  
  73  5:52  Probe  
  73  5:53  Zealot  
  73  5:56  Immortal  
  82  6:07  Protoss Ground Weapons Level 2  
  82  6:09  Observer  
  86  6:15  Zealot x2  
  86  6:18  Shield Battery, Zealot  
  92  6:19  Templar Archives  
  92  6:24  Photon Cannon  
  92  6:34  Pylon x2  
  92  6:39  Probe  
  93  6:42  Assimilator  
  93  6:48  Assimilator  
  93  6:52  Probe  
  92  6:54  Probe x2  
  92  6:56  High Templar  
  92  6:57  High Templar x3  
  92  7:00  Archon  
  102  7:01  Archon  
  102  7:03  Zealot x2  
  102  7:04  Probe  
  102  7:06  Probe x2  
  109  7:13  Pylon  
  109  7:14  Pylon  
  109  7:16  Psionic Storm  
  109  7:21  Pylon  
  109  7:26  Warp Prism  
  109  7:27  Immortal  
  109  7:29  Photon Cannon  
  109  7:30  Probe  
  109  7:33  Zealot  
  109  7:35  Zealot, High Templar x2  
  120  7:38  Probe  
  120  7:42  High Templar  
  120  7:43  Probe x2  
  125  7:46  Pylon  
  125  7:57  High Templar  
  127  8:02  Nexus, Zealot x2  
  127  8:04  Pylon  
  131  8:08  Probe  
  131  8:10  Stalker x2  
  131  8:13  Photon Cannon  
  131  8:14  Photon Cannon  
  130  8:20  Stalker  
  125  8:29  Stalker x2  
  125  8:32  Probe x2  
  128  8:40  High Templar x2, Zealot  
  133  8:45  Archon  
  133  8:47  Probe x3  
  123  8:59  Zealot x3  
  123  9:02  Archon  
  107  9:03  Zealot  
Tags
 
Add a new tag
Caveats
  • Supply blocks, unpowered buildings, or Contaminate may cause inaccurate times.
  • Supply counts are checked every 10 seconds.